 Dungeon Crawl Stone Soup version 0.21.1-1-g345015f (webtiles) character file.

90 letownia2 the Chiller (level 4, 0/31 HPs)
             Began as a Vine Stalker Ice Elementalist on Feb 24, 2018.
             Was an Initiate of Sif Muna.
             Slain by a jackal (1 damage)
             ... on level 3 of the Dungeon.
             The game lasted 00:05:08 (752 turns).

letownia2 the Chiller (VSIE)                         Turns: 752, Time: 00:05:09

Health: 0/31       AC:  4    Str: 15    XL:     4   Next: 56%
Magic:  0/8        EV: 12    Int: 16    God:    Sif Muna [......]
Gold:   36         SH:  0    Dex: 15    Spells: 3/7 levels left

rFire    . . .     SeeInvis .   e - +0 dagger
rCold    . . .     Gourm    .   (no shield)
rNeg     . . .     Faith    .   j - +0 leather armour
rPois    .         Spirit   +   n - +0 helmet (curse)
rElec    .         Reflect  .   (no cloak)
rCorr    .         Harm     .   (no gloves)
MR       .....                  (no boots)
Stlth    ..........             (no amulet)
HPRegen  0.50/turn              (no ring)
MPRegen  0.11/turn              (no ring)

@: berserking, very quick
A: fangs 2, regeneration 1, magic shield, antimagic bite, no potion heal 3, rot
immunity
a: Renounce Religion


You were on level 3 of the Dungeon.
You worshipped Sif Muna.
Sif Muna was noncommittal.
You were not hungry.

You visited 1 branch of the dungeon, and saw 4 of its levels.

You collected 36 gold pieces.

Inventory:

Hand Weapons
 e - a +0 dagger (weapon)
 i - a cursed -1 flail
Armour
 a - a +0 robe
 j - a +0 leather armour (worn)
 n - a cursed +0 helmet (worn)
 o - a cursed +0 robe
Scrolls
 f - 2 scrolls of identify {unknown}
 g - a scroll of fog {unknown}
 l - a scroll of remove curse {unknown}
Potions
 h - a potion of heal wounds {unknown}
 m - a potion of flight {unknown}
 p - a potion of curing {unknown}
Books
 b - a book of Frost

   Spells                             Type                      Level
   a - Freeze                         Ice                          1
   b - Throw Frost                    Conjuration/Ice              2
   c - Ozocubu's Armour               Charms/Ice                   3
   d - Throw Icicle                   Conjuration/Ice              4
   e - Summon Ice Beast               Ice/Summoning                4
Comestibles
 c - 4 rations


   Skills:
 - Level 1.5 Dodging
 - Level 2.4 Stealth
 - Level 2.1 Spellcasting
   Level 1.0 Conjurations
 + Level 0.8 Charms
 - Level 5.0 Ice Magic


You had 3 spell levels left.
You knew the following spells:

 Your Spells              Type           Power        Failure   Level  Hunger
a - Freeze                Ice            ###.         3%          1    #......
o - Ozocubu's Armour      Chrm/Ice       ##......     22%         3    ###....


Dungeon Overview and Level Annotations

Branches:
Dungeon (4/15)
 Temple: D:4-7

Altars:
Dithmenos
Sif Muna

Annotations:
D:3 Ijyb


Innate Abilities, Weirdness & Mutations

You have extremely sharp teeth.
Your natural rate of healing is unusually fast.
When hurt, damage is shared between your health and your magic reserves.
Your bite disrupts and absorbs the magic of your enemies.
Potions cannot restore your health.
You are immune to rotting.


Message History

Unknown command.
You closely miss the jackal.
The jackal is severely wounded.
You feel sick.
You are no longer poisoned.
The jackal barely misses you.
The jackal misses you. x2; The jackal bites you.
* * * LOW HITPOINT WARNING * * *
Unknown command.
Unknown command.
You hit the jackal but do no damage.
The jackal is severely wounded.
The jackal barely misses you. The jackal bites you.
* * * LOW HITPOINT WARNING * * *
Unknown command.
It was a potion of berserk rage.
A red film seems to cover your vision as you go berserk!
You feel yourself moving faster!
You feel mighty! The jackal bites you.
* * * LOW HITPOINT WARNING * * *
The jackal barely misses you. The jackal bites you.
You die...

# #... #.##.#.##.. #.##..#
#.#.#.###.##.#....# ##.#..##
#............#.##..## ##ol.....
###....##.####.##....##s###..##
###..............K.#.## #..#
##.##.....l......o#####..#
#.#######.####...lo.s..o# #.#
#h# ##########l# #.# #@# #.#
########.#######h# #########o#
..........>......# #.)<.solg.#
########.#######.# #.#########
#.# ..# #.# #.# ### #o# #.. #.#
### #o# #. #.#


You could see 2 jackals and a frilled lizard.

Vanquished Creatures
  An iguana (D:2)
  4 adders
  6 orcs (D:3)
  3 bats
  3 goblins
  2 hobgoblins
  A jackal (D:4)
  A quokka (D:3)
  2 kobolds
23 creatures vanquished.

Notes
Turn   | Place    | Note
-------+----------+-------------------------------------------
     0 | D:1      | letownia2 the Vine Stalker Ice Elementalist began the quest for the Orb.
     0 | D:1      | Reached XP level 1. HP: 9/9 MP: 4/4
   152 | D:3      | Reached XP level 2. HP: 2/13 MP: 0/6
   230 | D:2      | Reached skill level 4 in Ice Magic
   230 | D:2      | Reached XP level 3. HP: 4/16 MP: 2/7
   235 | D:2      | Learned a level 3 spell: Ozocubu's Armour
   352 | D:3      | Found a shadowy altar of Dithmenos.
   365 | D:3      | Noticed Ijyb
   459 | D:2      | Found a deep blue altar of Sif Muna.
   462 | D:2      | Became a worshipper of Sif Muna the Loreminder
   513 | D:2      | Gained mutation: Your natural rate of healing is unusually fast. [Vine Stalker growth]
   513 | D:2      | Reached XP level 4. HP: 13/21 MP: 0/8
   694 | D:3      | Reached skill level 5 in Ice Magic
   741 | D:4      | Noticed an ogre
   751 | D:3      | HP: 1/21 [jackal (3)]
   752 | D:3      | Slain by a jackal

Skill      XL: |  1  2  3  4 |
---------------+-------------+-----
Ice Magic      | 4 5 |  5.0
Dodging        | |  1.5
Stealth        | |  2.4
Spellcasting   | |  2.1
Conjurations   | |  1.0
Charms         | |  0.8

Action                   |  1- 3 |  4- 6 || total
-------------------------+-------+-------++-------
Melee: Dagger            |     7 |     4 ||    11
       Bite              |     1 |       ||     1
 Cast: Freeze            |    25 |    16 ||    41
       Ozocubu's Armour  |     1 |       ||     1
  Use: Potion            |       |     1 ||     1
 Stab: Sleeping          |     1 |       ||     1
Armor: Robe              |    20 |       ||    20
       Leather armour    |     1 |     4 ||     5
Dodge: Dodged            |    42 |    15 ||    57
